[ AOE2 MATCH · #474088199 ]
UnrankedMagyars vs Khitans
[ REPLAY ANALYSIS · EXTRACTED FROM THE RECORDED GAME ]
Feudal
8:31
Castle
—
Imperial
—
| APM avg | 57.6 |
| APM peak | 115 |
| eAPM avg | 18.2 |
| Villagers / military | 46 / 13 |
Focus
⚔️ 24.1% · 🌾 75.9%
Scout Cavalry ×12 · Spearman ×1
Feudal
8:29
Castle
—
Imperial
—
| APM avg | 85.0 |
| APM peak | 185 |
| eAPM avg | 41.4 |
| Villagers / military | 37 / 15 |
Focus
⚔️ 78.6% · 🌾 21.4%
Scout Cavalry ×15
Feudal
8:49
Castle
—
Imperial
—
| APM avg | 80.4 |
| APM peak | 102 |
| eAPM avg | 43.1 |
| Villagers / military | 47 / 42 |
Focus
⚔️ 60.1% · 🌾 39.9%
Archer ×42
Feudal
8:52
Castle
18:45
Imperial
—
| APM avg | 65.7 |
| APM peak | 98 |
| eAPM avg | 33.2 |
| Villagers / military | 47 / 15 |
Focus
⚔️ 57.4% · 🌾 42.6%
Knight ×9 · Scout Cavalry ×5 · Spearman ×1
Feudal
12:13
Castle
16:33
Imperial
—
| APM avg | 54.0 |
| APM peak | 96 |
| eAPM avg | 25.5 |
| Villagers / military | 43 / 8 |
Focus
⚔️ 42.6% · 🌾 57.4%
Knight ×8
Feudal
8:29
Castle
—
Imperial
—
| APM avg | 46.9 |
| APM peak | 80 |
| eAPM avg | 19.8 |
| Villagers / military | 44 / 34 |
Focus
⚔️ 43.4% · 🌾 56.6%
Archer ×34
Feudal
8:28
Castle
—
Imperial
—
| APM avg | 69.8 |
| APM peak | 97 |
| eAPM avg | 29.2 |
| Villagers / military | 43 / 35 |
Focus
⚔️ 48.5% · 🌾 51.5%
Archer ×35
Feudal
8:24
Castle
—
Imperial
—
| APM avg | 71.9 |
| APM peak | 153 |
| eAPM avg | 44.3 |
| Villagers / military | 42 / 36 |
Focus
⚔️ 65.0% · 🌾 35.0%
Archer ×36
Match map
Initial resources + every placement click. Lines = walls · curves = elevation contours. ◆ gold · ⬟ stone · ● berries · ✦ relic · ◌ wall gap
Inputs per minute
— Ryuutaku - - B站帝国时代2骑士老爷
Build order — Ryuutaku
120 actions detected in the replay
| 0:01 | Queue | Villager (Male) |
| 0:02 | Build | House |
| 0:03 | Build | House |
| 0:09 | Queue | Villager (Male) |
| 0:09 | Queue | Villager (Male) |
| 0:09 | Queue | Villager (Male) |
| 1:36 | Queue | Villager (Male) |
| 2:01 | Queue | Villager (Male) |
| 2:01 | Queue | Villager (Male) |
| 2:21 | Build | Lumber Camp |
| 2:25 | Queue | Villager (Male) |
| 2:25 | Queue | Villager (Male) |
| 2:48 | Queue | Villager (Male) |
| 2:49 | Queue | Villager (Male) |
| 3:03 | Queue | Villager (Male) |
| 3:17 | Queue | Villager (Male) |
| 3:18 | Queue | Villager (Male) |
| 3:51 | Build | House |
| 4:06 | Queue | Villager (Male) |
| 4:06 | Queue | Villager (Male) |
| 4:14 | Queue | Villager (Male) |
| 4:32 | Queue | Villager (Male) |
| 4:33 | Queue | Villager (Male) |
| 4:51 | Queue | Villager (Male) |
| 5:08 | Build | Mill |
| 6:21 | Research | Feudal Age |
| 6:52 | Queue | Villager (Male) |
| 6:52 | Queue | Villager (Male) |
| 7:29 | Build | Barracks |
| 7:33 | Build | Barracks |
| 7:58 | Queue | Villager (Male) |
| 8:01 | Build | House |
| 8:31 | Age | Feudal Age |
| 8:40 | Build | Stable |
| 8:53 | Research | Double-Bit Axe |
| 9:11 | Queue | Villager (Male) |
| 9:16 | Build | House |
| 9:23 | Queue | Scout Cavalry |
| 9:23 | Queue | Scout Cavalry |
| 9:40 | Queue | Villager (Male) |
| 9:59 | Queue | Villager (Male) |
| 10:02 | Queue | Scout Cavalry |
| 10:11 | Build | Building 796 |
| 10:16 | Queue | Scout Cavalry |
| 10:20 | Build | Farm |
| 10:22 | Build | Farm |
| 10:32 | Queue | Villager (Male) |
| 10:33 | Build | Farm |
| 10:46 | Build | Farm |
| 10:48 | Build | Farm |
| 10:53 | Build | House |
| 10:58 | Queue | Villager (Male) |
| 11:24 | Queue | Scout Cavalry |
| 11:30 | Queue | Villager (Male) |
| 11:31 | Queue | Villager (Male) |
| 11:34 | Build | Farm |
| 11:35 | Build | Farm |
| 11:54 | Queue | Villager (Male) |
| 11:54 | Queue | Villager (Male) |
| 11:55 | Queue | Villager (Male) |
| 11:59 | Build | Farm |
| 12:00 | Build | Farm |
| 12:04 | Queue | Scout Cavalry |
| 12:16 | Queue | Scout Cavalry |
| 12:22 | Build | Farm |
| 12:24 | Queue | Villager (Male) |
| 12:24 | Queue | Villager (Male) |
| 12:29 | Build | House |
| 12:31 | Build | House |
| 12:51 | Build | Farm |
| 12:53 | Queue | Scout Cavalry |
| 12:54 | Queue | Villager (Male) |
| 13:02 | Build | House |
| 13:11 | Queue | Spearman |
| 13:17 | Queue | Villager (Male) |
| 13:26 | Build | Farm |
| 13:27 | Build | Farm |
| 13:29 | Queue | Scout Cavalry |
| 13:41 | Queue | Villager (Male) |
| 13:44 | Build | House |
| 14:16 | Build | Mining Camp |
| 14:18 | Queue | Villager (Male) |
| 14:19 | Queue | Scout Cavalry |
| 14:23 | Build | House |
| 14:31 | Queue | Villager (Male) |
| 14:37 | Build | Blacksmith |
| 14:48 | Build | Farm |
| 14:54 | Queue | Villager (Male) |
| 15:20 | Build | Lumber Camp |
| 15:28 | Queue | Scout Cavalry |
| 15:32 | Build | House |
| 15:37 | Queue | Villager (Male) |
| 15:46 | Research | Scale Barding Armor |
| 15:50 | Build | House |
| 15:52 | Build | Palisade Wall |
| 15:57 | Build | Farm |
| 15:59 | Queue | Villager (Male) |
| 16:14 | Research | Bloodlines |
| 16:21 | Queue | Villager (Male) |
| 16:28 | Build | Farm |
| 16:30 | Build | Farm |
| 16:45 | Queue | Scout Cavalry |
| 16:47 | Queue | Villager (Male) |
| 16:51 | Build | Farm |
| 16:54 | Build | Farm |
| 17:13 | Build | Farm |
| 17:15 | Build | Farm |
| 17:20 | Build | Farm |
| 17:22 | Queue | Villager (Male) |
| 17:24 | Research | Wheelbarrow |
| 17:27 | Research | Loom |
| 17:28 | Research | Wheelbarrow |
| 17:32 | Build | Farm |
| 17:39 | Build | Farm |
| 18:59 | Build | Farm |
| 19:07 | Research | Castle Age |
| 19:19 | Research | Horse Collar |
| 19:27 | Build | Farm |
| 19:35 | Build | Farm |
| 19:36 | Build | Farm |
Build order — B站帝国时代2骑士老爷
91 actions detected in the replay
| 0:00 | Queue | Villager (Male) ×4 |
| 0:02 | Build | House |
| 0:03 | Build | House |
| 1:32 | Queue | Villager (Male) |
| 1:51 | Queue | Villager (Male) |
| 2:17 | Queue | Villager (Male) |
| 2:38 | Build | Lumber Camp |
| 2:48 | Queue | Villager (Male) |
| 3:13 | Queue | Villager (Male) |
| 3:17 | Build | House |
| 3:36 | Queue | Villager (Male) |
| 3:53 | Queue | Villager (Male) |
| 3:53 | Queue | Villager (Male) |
| 4:43 | Queue | Villager (Male) |
| 4:59 | Build | Mill |
| 5:16 | Queue | Villager (Male) |
| 5:16 | Research | Loom |
| 6:19 | Research | Feudal Age |
| 6:54 | Build | House |
| 7:09 | Queue | Villager (Male) |
| 7:22 | Build | Barracks |
| 8:18 | Build | House |
| 8:20 | Build | Palisade Wall |
| 8:29 | Age | Feudal Age |
| 8:34 | Build | Stable |
| 8:41 | Queue | Villager (Male) |
| 9:03 | Build | Palisade Wall |
| 9:04 | Build | Palisade Wall |
| 9:11 | Build | Blacksmith |
| 9:17 | Queue | Scout Cavalry |
| 9:19 | Queue | Villager (Male) |
| 9:34 | Queue | Scout Cavalry |
| 9:37 | Queue | Villager (Male) |
| 9:55 | Build | House |
| 9:58 | Build | Palisade Wall |
| 10:00 | Queue | Scout Cavalry |
| 10:03 | Queue | Villager (Male) |
| 10:35 | Research | Forging |
| 10:46 | Queue | Villager (Male) |
| 10:50 | Build | Pasture |
| 11:03 | Queue | Villager (Male) |
| 11:24 | Queue | Villager (Male) |
| 11:39 | Build | House |
| 11:46 | Build | Pasture |
| 11:56 | Queue | Scout Cavalry |
| 11:57 | Queue | Villager (Male) |
| 12:18 | Queue | Villager (Male) |
| 12:26 | Build | Pasture |
| 12:33 | Queue | Scout Cavalry |
| 12:48 | Queue | Villager (Male) |
| 12:58 | Build | Pasture |
| 13:03 | Queue | Villager (Male) |
| 13:23 | Queue | Scout Cavalry |
| 13:27 | Build | Pasture |
| 13:35 | Queue | Villager (Male) |
| 13:49 | Build | Pasture |
| 13:51 | Queue | Villager (Male) |
| 14:01 | Build | House |
| 14:01 | Build | House |
| 14:14 | Queue | Scout Cavalry |
| 14:24 | Queue | Villager (Male) |
| 14:37 | Queue | Scout Cavalry |
| 14:44 | Build | Pasture |
| 14:48 | Research | Double-Bit Axe |
| 14:58 | Queue | Villager (Male) |
| 15:02 | Build | House |
| 15:05 | Build | Building 796 |
| 15:06 | Build | Palisade Wall |
| 15:11 | Queue | Scout Cavalry |
| 15:24 | Queue | Villager (Male) |
| 15:27 | Build | Lumber Camp |
| 15:48 | Queue | Scout Cavalry |
| 15:49 | Queue | Villager (Male) |
| 15:58 | Queue | Scout Cavalry |
| 16:13 | Build | House |
| 16:14 | Build | House |
| 16:29 | Queue | Scout Cavalry |
| 16:34 | Build | House |
| 16:45 | Queue | Villager (Male) |
| 17:05 | Queue | Scout Cavalry |
| 17:09 | Build | Palisade Wall |
| 17:12 | Queue | Villager (Male) |
| 17:24 | Research | Scale Barding Armor |
| 17:34 | Build | Mining Camp |
| 17:38 | Build | House |
| 17:41 | Build | House |
| 17:52 | Queue | Villager (Male) |
| 17:53 | Queue | Scout Cavalry |
| 18:23 | Queue | Scout Cavalry |
| 18:24 | Queue | Villager (Male) |
| 18:57 | Queue | Villager (Male) |
Build order — Yukgit
135 actions detected in the replay
| 0:00 | Queue | Villager (Male) |
| 0:02 | Build | House |
| 0:03 | Build | House |
| 0:07 | Queue | Villager (Male) ×4 |
| 0:08 | Queue | Villager (Male) |
| 1:24 | Queue | Villager (Male) |
| 1:51 | Build | Lumber Camp |
| 2:07 | Queue | Villager (Male) |
| 2:13 | Queue | Villager (Male) |
| 2:45 | Queue | Villager (Male) |
| 3:01 | Queue | Villager (Male) |
| 3:02 | Queue | Villager (Male) |
| 3:16 | Build | House |
| 3:21 | Build | House |
| 3:32 | Queue | Villager (Male) |
| 3:32 | Queue | Villager (Male) |
| 3:56 | Queue | Villager (Male) |
| 3:56 | Queue | Villager (Male) |
| 4:11 | Queue | Villager (Male) |
| 4:26 | Queue | Villager (Male) |
| 4:44 | Queue | Villager (Male) |
| 4:53 | Build | Mining Camp |
| 5:19 | Queue | Villager (Male) |
| 6:37 | Research | Feudal Age |
| 6:37 | Research | Feudal Age |
| 6:58 | Build | Barracks |
| 7:03 | Build | House |
| 7:09 | Research | Loom |
| 8:30 | Build | Mill |
| 8:49 | Age | Feudal Age |
| 8:53 | Build | Archery Range |
| 9:04 | Build | Archery Range |
| 9:08 | Queue | Villager (Male) |
| 9:25 | Queue | Villager (Male) |
| 9:27 | Research | Double-Bit Axe |
| 9:27 | Research | Double-Bit Axe |
| 9:41 | Queue | Villager (Male) |
| 9:49 | Build | House |
| 9:54 | Build | House |
| 9:57 | Queue | Archer |
| 9:58 | Queue | Archer ×2 |
| 10:00 | Queue | Villager (Male) |
| 10:17 | Queue | Villager (Male) |
| 10:30 | Queue | Archer |
| 10:31 | Queue | Archer |
| 10:39 | Build | House |
| 10:40 | Queue | Archer |
| 10:41 | Queue | Archer |
| 10:45 | Queue | Villager (Male) |
| 10:56 | Build | House |
| 10:57 | Build | Palisade Wall |
| 11:00 | Queue | Archer |
| 11:01 | Queue | Archer |
| 11:19 | Queue | Villager (Male) |
| 11:20 | Queue | Archer |
| 11:30 | Build | Blacksmith |
| 11:36 | Queue | Villager (Male) |
| 11:37 | Build | House |
| 11:38 | Build | Palisade Wall |
| 11:56 | Queue | Archer |
| 11:56 | Queue | Archer |
| 11:57 | Queue | Villager (Male) |
| 12:06 | Research | Fletching |
| 12:17 | Queue | Villager (Male) |
| 12:20 | Build | House |
| 12:22 | Build | Palisade Wall |
| 12:29 | Queue | Archer |
| 12:30 | Queue | Archer |
| 12:40 | Build | Farm |
| 12:45 | Queue | Archer |
| 12:45 | Queue | Archer |
| 12:56 | Queue | Archer |
| 12:58 | Queue | Villager (Male) |
| 13:15 | Queue | Archer |
| 13:16 | Queue | Villager (Male) |
| 13:26 | Queue | Villager (Male) |
| 13:28 | Build | Farm |
| 13:37 | Queue | Archer |
| 13:37 | Queue | Archer |
| 13:41 | Build | Farm |
| 13:48 | Queue | Archer |
| 13:48 | Queue | Archer |
| 13:49 | Queue | Villager (Male) |
| 14:02 | Queue | Villager (Male) |
| 14:16 | Build | Lumber Camp |
| 14:22 | Queue | Archer |
| 14:22 | Queue | Archer |
| 14:36 | Queue | Villager (Male) |
| 14:41 | Build | Farm |
| 14:53 | Queue | Archer |
| 14:53 | Queue | Archer |
| 14:58 | Build | Farm |
| 15:05 | Build | House |
| 15:06 | Build | House |
| 15:07 | Build | House |
| 15:08 | Build | Palisade Wall |
| 15:10 | Queue | Villager (Male) |
| 15:12 | Queue | Archer |
| 15:12 | Queue | Archer |
| 15:19 | Queue | Archer |
| 15:22 | Build | Farm |
| 15:46 | Queue | Villager (Male) |
| 15:47 | Queue | Villager (Male) |
| 15:48 | Queue | Villager (Male) |
| 15:51 | Build | Farm |
| 15:56 | Queue | Archer |
| 15:59 | Build | Farm |
| 16:05 | Queue | Archer |
| 16:27 | Queue | Archer |
| 16:29 | Queue | Villager (Male) |
| 16:36 | Queue | Villager (Male) |
| 16:42 | Build | Farm |
| 16:51 | Queue | Archer |
| 16:51 | Queue | Archer |
| 16:52 | Queue | Villager (Male) |
| 17:11 | Build | Farm |
| 17:14 | Build | Farm |
| 17:17 | Queue | Archer |
| 17:28 | Queue | Archer |
| 17:28 | Queue | Archer |
| 17:33 | Queue | Villager (Male) |
| 17:41 | Queue | Archer |
| 17:51 | Build | Farm |
| 17:53 | Build | Farm |
| 17:56 | Build | Farm |
| 18:19 | Build | House |
| 18:21 | Queue | Villager (Male) |
| 18:35 | Queue | Archer |
| 18:35 | Queue | Archer |
| 18:38 | Queue | Villager (Male) |
| 18:40 | Build | Farm |
| 18:42 | Build | Farm |
| 18:54 | Queue | Archer |
| 19:15 | Queue | Archer |
| 19:16 | Queue | Villager (Male) |
Build order — OS +| NeoZz
123 actions detected in the replay
| 0:00 | Queue | Villager (Male) |
| 0:00 | Queue | Villager (Male) |
| 0:01 | Queue | Villager (Male) |
| 0:02 | Build | House |
| 0:03 | Build | House |
| 0:05 | Queue | Villager (Male) |
| 1:17 | Queue | Villager (Male) |
| 1:17 | Queue | Villager (Male) |
| 2:01 | Queue | Villager (Male) |
| 2:18 | Build | Lumber Camp |
| 2:25 | Build | Lumber Camp |
| 2:30 | Queue | Villager (Male) |
| 2:31 | Queue | Villager (Male) |
| 2:31 | Queue | Villager (Male) |
| 2:47 | Queue | Villager (Male) |
| 3:07 | Queue | Villager (Male) |
| 3:07 | Queue | Villager (Male) |
| 3:38 | Build | House |
| 3:44 | Queue | Villager (Male) |
| 3:44 | Queue | Villager (Male) |
| 4:04 | Queue | Villager (Male) |
| 4:05 | Queue | Villager (Male) |
| 4:24 | Queue | Villager (Male) |
| 4:28 | Queue | Villager (Male) |
| 4:28 | Queue | Villager (Male) |
| 4:28 | Queue | Villager (Male) |
| 5:23 | Queue | Villager (Male) |
| 5:25 | Build | Mill |
| 5:26 | Queue | Villager (Male) |
| 5:29 | Queue | Villager (Male) |
| 6:14 | Research | Loom |
| 6:17 | Queue | Villager (Male) |
| 6:41 | Research | Feudal Age |
| 6:42 | Research | Feudal Age |
| 7:28 | Queue | Villager (Male) |
| 7:28 | Queue | Villager (Male) |
| 7:41 | Build | Barracks |
| 7:41 | Build | House |
| 8:52 | Age | Feudal Age |
| 8:54 | Build | Stable |
| 8:55 | Research | Double-Bit Axe |
| 9:04 | Queue | Villager (Male) |
| 9:13 | Build | House |
| 9:30 | Build | Farm |
| 9:32 | Build | Farm |
| 9:34 | Queue | Villager (Male) |
| 9:43 | Queue | Scout Cavalry |
| 9:48 | Queue | Scout Cavalry |
| 9:56 | Queue | Scout Cavalry |
| 9:58 | Build | Farm |
| 10:01 | Build | Farm |
| 10:19 | Build | Farm |
| 10:31 | Queue | Villager (Male) |
| 10:33 | Build | Farm |
| 10:49 | Queue | Villager (Male) |
| 10:53 | Queue | Scout Cavalry |
| 10:58 | Build | Farm |
| 11:02 | Build | House |
| 11:05 | Queue | Villager (Male) |
| 11:08 | Build | Mining Camp |
| 11:08 | Queue | Villager (Male) |
| 11:08 | Queue | Villager (Male) |
| 11:18 | Queue | Scout Cavalry |
| 11:38 | Build | Farm |
| 11:39 | Build | Farm |
| 11:53 | Queue | Villager (Male) ×3 |
| 11:59 | Build | House |
| 11:59 | Build | House |
| 12:03 | Build | Farm |
| 12:17 | Build | Farm |
| 12:25 | Queue | Villager (Male) |
| 12:28 | Build | Farm |
| 12:35 | Build | Palisade Wall |
| 12:39 | Build | Palisade Wall |
| 12:45 | Build | Palisade Wall |
| 12:48 | Build | Palisade Wall |
| 12:56 | Build | House |
| 13:30 | Build | Blacksmith |
| 13:34 | Queue | Villager (Male) |
| 13:42 | Build | Palisade Wall |
| 13:43 | Build | Palisade Wall |
| 13:45 | Research | Loom |
| 13:46 | Queue | Spearman |
| 13:48 | Build | Farm |
| 14:09 | Build | Farm |
| 14:12 | Queue | Villager (Male) |
| 14:32 | Build | Farm |
| 14:39 | Queue | Villager (Male) |
| 14:42 | Build | Palisade Wall |
| 14:44 | Build | Palisade Wall |
| 14:55 | Queue | Villager (Male) |
| 15:10 | Build | House |
| 15:17 | Queue | Villager (Male) |
| 15:19 | Build | Farm |
| 15:50 | Build | Palisade Wall |
| 15:50 | Build | Palisade Wall |
| 16:01 | Research | Castle Age |
| 16:01 | Research | Castle Age |
| 16:08 | Build | Farm |
| 16:18 | Build | Farm |
| 16:39 | Research | Scale Barding Armor |
| 16:40 | Queue | Villager (Male) |
| 16:47 | Build | Stable |
| 16:56 | Build | Palisade Wall |
| 17:17 | Build | House |
| 17:21 | Queue | Villager (Male) |
| 18:29 | Queue | Villager (Male) |
| 18:45 | Age | Castle Age |
| 18:46 | Queue | Knight |
| 18:46 | Queue | Knight |
| 18:47 | Build | Town Center |
| 18:48 | Research | Chain Barding Armor |
| 18:48 | Research | Chain Barding Armor |
| 18:50 | Queue | Knight |
| 18:51 | Queue | Knight |
| 19:06 | Queue | Knight |
| 19:06 | Queue | Knight |
| 19:15 | Queue | Villager (Male) |
| 19:19 | Queue | Knight |
| 19:19 | Queue | Knight |
| 19:26 | Build | Farm |
| 19:26 | Build | Farm |
| 19:35 | Queue | Knight |
Build order — BSL | Dragonstar
126 actions detected in the replay
| 0:00 | Queue | Villager (Male) |
| 0:02 | Build | House |
| 0:02 | Build | House |
| 0:11 | Queue | Villager (Male) |
| 0:20 | Queue | Villager (Male) ×2 |
| 1:07 | Queue | Villager (Male) |
| 1:45 | Build | Lumber Camp |
| 1:57 | Queue | Villager (Male) |
| 1:57 | Queue | Villager (Male) |
| 2:19 | Queue | Villager (Male) |
| 2:19 | Queue | Villager (Male) |
| 2:23 | Build | Outpost |
| 2:40 | Queue | Villager (Male) |
| 2:40 | Queue | Villager (Male) |
| 3:07 | Queue | Villager (Male) |
| 3:07 | Queue | Villager (Male) |
| 3:26 | Queue | Villager (Male) |
| 4:00 | Build | House |
| 4:06 | Queue | Villager (Male) |
| 4:06 | Queue | Villager (Male) |
| 4:32 | Queue | Villager (Male) |
| 4:36 | Build | House |
| 4:50 | Queue | Villager (Male) |
| 5:03 | Build | Mill |
| 5:17 | Queue | Villager (Male) |
| 5:36 | Queue | Villager (Male) |
| 5:36 | Queue | Villager (Male) |
| 5:52 | Queue | Villager (Male) |
| 6:00 | Queue | Villager (Male) |
| 6:17 | Queue | Villager (Male) |
| 6:40 | Build | Palisade Wall |
| 6:41 | Build | Palisade Wall |
| 6:46 | Build | Palisade Wall |
| 6:49 | Build | Palisade Wall |
| 6:49 | Queue | Villager (Male) |
| 6:52 | Build | Palisade Wall |
| 6:54 | Build | Palisade Wall |
| 6:55 | Build | Palisade Wall |
| 6:59 | Queue | Villager (Male) |
| 7:16 | Build | Palisade Wall |
| 7:19 | Build | Palisade Wall |
| 7:20 | Build | Palisade Wall |
| 7:21 | Build | Palisade Wall |
| 7:23 | Build | Palisade Wall |
| 7:29 | Build | Farm |
| 7:31 | Build | Farm |
| 7:37 | Queue | Villager (Male) |
| 7:54 | Build | Palisade Wall |
| 7:55 | Build | Palisade Wall |
| 7:55 | Build | Palisade Wall |
| 8:02 | Queue | Villager (Male) |
| 8:08 | Build | Farm |
| 8:25 | Build | House |
| 8:29 | Build | House |
| 8:33 | Queue | Villager (Male) |
| 9:00 | Queue | Villager (Male) |
| 9:14 | Build | Palisade Wall |
| 9:15 | Build | Palisade Wall |
| 9:19 | Build | Palisade Wall |
| 9:24 | Research | Loom |
| 9:27 | Build | Palisade Wall |
| 9:28 | Build | Palisade Wall |
| 9:47 | Build | Palisade Wall |
| 9:48 | Build | Palisade Wall |
| 9:54 | Build | Palisade Wall |
| 9:56 | Research | Feudal Age |
| 9:58 | Build | Palisade Wall |
| 10:00 | Build | Palisade Wall |
| 10:03 | Build | Palisade Wall |
| 10:18 | Build | Mining Camp |
| 10:35 | Queue | Villager (Male) |
| 10:41 | Build | Farm |
| 10:44 | Build | Palisade Wall |
| 11:09 | Build | Palisade Wall |
| 11:13 | Build | House |
| 11:16 | Build | House |
| 11:26 | Build | House |
| 11:31 | Build | Palisade Wall |
| 11:45 | Build | Palisade Wall |
| 11:58 | Build | Barracks |
| 12:13 | Age | Feudal Age |
| 12:17 | Build | Blacksmith |
| 12:24 | Queue | Villager (Male) |
| 12:39 | Build | Stable |
| 13:03 | Queue | Villager (Male) |
| 13:19 | Build | Farm |
| 13:20 | Build | Farm |
| 13:20 | Queue | Villager (Male) |
| 13:29 | Build | Farm |
| 13:38 | Build | House |
| 13:52 | Research | Castle Age |
| 14:24 | Research | Double-Bit Axe |
| 14:27 | Build | Farm |
| 15:01 | Build | Stable |
| 15:20 | Research | Scale Barding Armor |
| 15:20 | Research | Scale Barding Armor |
| 15:35 | Build | Farm |
| 15:37 | Build | Farm |
| 15:48 | Build | Farm |
| 16:11 | Queue | Villager (Male) |
| 16:33 | Age | Castle Age |
| 16:35 | Queue | Knight |
| 16:35 | Queue | Knight |
| 16:38 | Research | Bow Saw |
| 16:45 | Build | Farm |
| 16:46 | Build | Farm |
| 16:57 | Build | Farm |
| 16:58 | Queue | Villager (Male) |
| 17:10 | Build | House |
| 17:11 | Build | House |
| 17:15 | Queue | Knight |
| 17:25 | Queue | Villager (Male) |
| 17:27 | Build | Farm |
| 17:41 | Queue | Knight |
| 17:46 | Build | Farm |
| 17:54 | Queue | Villager (Male) |
| 17:54 | Queue | Villager (Male) |
| 18:21 | Queue | Knight |
| 18:23 | Queue | Villager (Male) |
| 18:33 | Queue | Villager (Male) |
| 18:46 | Queue | Villager (Male) |
| 18:56 | Build | Town Center |
| 19:04 | Queue | Knight |
| 19:24 | Queue | Villager (Male) |
| 19:25 | Queue | Knight |
| 19:25 | Queue | Knight |
Build order — nono12
113 actions detected in the replay
| 0:00 | Queue | Villager (Male) |
| 0:00 | Queue | Villager (Male) |
| 0:00 | Queue | Villager (Male) |
| 0:02 | Build | House |
| 0:03 | Build | House |
| 0:15 | Queue | Villager (Male) |
| 0:16 | Queue | Villager (Male) |
| 1:18 | Queue | Villager (Male) |
| 1:18 | Queue | Villager (Male) |
| 1:18 | Queue | Villager (Male) |
| 1:47 | Queue | Villager (Male) |
| 1:48 | Queue | Villager (Male) |
| 2:03 | Build | Lumber Camp |
| 2:07 | Queue | Villager (Male) |
| 2:07 | Queue | Villager (Male) |
| 2:08 | Queue | Villager (Male) |
| 2:33 | Queue | Villager (Male) |
| 2:33 | Queue | Villager (Male) |
| 2:33 | Queue | Villager (Male) |
| 2:55 | Queue | Villager (Male) |
| 3:24 | Queue | Villager (Male) |
| 3:25 | Queue | Villager (Male) |
| 3:27 | Build | House |
| 3:39 | Queue | Villager (Male) |
| 3:39 | Queue | Villager (Male) |
| 4:15 | Build | Mining Camp |
| 4:30 | Queue | Villager (Male) |
| 4:31 | Queue | Villager (Male) |
| 4:53 | Queue | Villager (Male) |
| 5:09 | Queue | Villager (Male) |
| 5:09 | Research | Loom |
| 6:19 | Research | Feudal Age |
| 7:21 | Build | Barracks |
| 7:27 | Build | House |
| 7:28 | Build | Palisade Wall |
| 7:45 | Build | Palisade Wall |
| 7:46 | Build | Palisade Wall |
| 7:57 | Queue | Villager (Male) |
| 8:29 | Age | Feudal Age |
| 8:33 | Build | Archery Range |
| 8:53 | Queue | Villager (Male) |
| 8:55 | Build | Archery Range |
| 9:22 | Queue | Villager (Male) |
| 9:31 | Queue | Archer |
| 9:33 | Queue | Villager (Male) |
| 9:39 | Build | House |
| 9:46 | Queue | Archer |
| 9:46 | Queue | Archer |
| 10:00 | Build | House |
| 10:00 | Build | House |
| 10:14 | Queue | Villager (Male) |
| 10:14 | Queue | Villager (Male) |
| 10:37 | Queue | Archer |
| 10:37 | Queue | Archer |
| 10:45 | Queue | Villager (Male) |
| 11:03 | Queue | Archer |
| 11:03 | Queue | Archer |
| 11:26 | Queue | Villager (Male) |
| 11:41 | Build | Blacksmith |
| 11:53 | Queue | Archer |
| 11:54 | Queue | Villager (Male) |
| 11:59 | Build | Mill |
| 12:19 | Queue | Archer |
| 12:19 | Queue | Archer |
| 12:22 | Queue | Villager (Male) |
| 12:32 | Build | Outpost |
| 12:41 | Build | Palisade Wall |
| 12:46 | Queue | Villager (Male) |
| 12:46 | Queue | Archer |
| 12:47 | Queue | Archer |
| 13:08 | Research | Fletching |
| 13:11 | Queue | Archer |
| 13:12 | Queue | Archer |
| 13:12 | Queue | Archer |
| 13:29 | Build | House |
| 13:31 | Build | House |
| 13:39 | Queue | Villager (Male) |
| 13:40 | Queue | Archer |
| 13:40 | Queue | Archer |
| 13:41 | Queue | Archer |
| 13:45 | Build | House |
| 14:10 | Build | Farm |
| 14:16 | Queue | Archer |
| 14:16 | Queue | Archer |
| 14:23 | Queue | Villager (Male) |
| 14:32 | Build | Farm |
| 14:41 | Build | House |
| 14:43 | Build | House |
| 15:22 | Queue | Villager (Male) |
| 15:23 | Queue | Archer |
| 15:23 | Queue | Archer |
| 15:24 | Queue | Archer |
| 15:46 | Queue | Archer |
| 15:46 | Queue | Archer |
| 15:47 | Queue | Villager (Male) |
| 15:50 | Build | Farm |
| 16:13 | Queue | Villager (Male) |
| 16:14 | Queue | Archer |
| 16:14 | Queue | Archer |
| 16:18 | Build | Farm |
| 16:30 | Queue | Archer |
| 16:31 | Queue | Archer |
| 16:54 | Queue | Villager (Male) |
| 17:19 | Queue | Villager (Male) |
| 17:26 | Build | Market |
| 17:29 | Queue | Archer |
| 17:45 | Queue | Archer |
| 17:45 | Queue | Archer |
| 17:46 | Queue | Villager (Male) |
| 18:55 | Research | Castle Age |
| 18:55 | Research | Castle Age |
| 19:21 | Queue | Archer |
| 19:22 | Queue | Archer |
Build order — C15-kyosokyoku
118 actions detected in the replay
| 0:01 | Queue | Villager (Male) ×4 |
| 0:01 | Queue | Villager (Male) ×4 |
| 0:02 | Build | House |
| 0:03 | Build | House |
| 1:27 | Queue | Villager (Male) |
| 1:27 | Queue | Villager (Male) |
| 1:50 | Queue | Villager (Male) |
| 2:08 | Build | Lumber Camp |
| 2:12 | Queue | Villager (Male) |
| 2:26 | Queue | Villager (Male) |
| 2:26 | Queue | Villager (Male) |
| 3:11 | Queue | Villager (Male) |
| 3:11 | Queue | Villager (Male) ×2 |
| 3:17 | Queue | Villager (Male) |
| 3:18 | Queue | Villager (Male) |
| 3:26 | Build | House |
| 3:52 | Queue | Villager (Male) |
| 3:52 | Queue | Villager (Male) |
| 4:10 | Queue | Villager (Male) |
| 4:19 | Queue | Villager (Male) |
| 4:19 | Queue | Villager (Male) |
| 4:41 | Research | Loom |
| 4:41 | Research | Loom |
| 4:55 | Build | Mining Camp |
| 6:18 | Research | Feudal Age |
| 6:18 | Research | Feudal Age |
| 7:24 | Build | Barracks |
| 7:34 | Queue | Villager (Male) |
| 7:38 | Build | House |
| 8:28 | Age | Feudal Age |
| 8:32 | Build | Archery Range |
| 8:49 | Build | Archery Range |
| 8:54 | Build | Palisade Wall |
| 8:57 | Queue | Villager (Male) |
| 8:57 | Queue | Villager (Male) |
| 9:22 | Build | House |
| 9:26 | Build | House |
| 9:27 | Build | House |
| 9:29 | Queue | Archer |
| 9:39 | Queue | Archer |
| 9:41 | Build | House |
| 9:46 | Queue | Villager (Male) |
| 9:55 | Build | Palisade Wall |
| 9:57 | Build | Palisade Wall |
| 9:57 | Build | Palisade Wall |
| 10:03 | Queue | Archer |
| 10:13 | Queue | Archer |
| 10:14 | Queue | Villager (Male) |
| 10:26 | Build | Blacksmith |
| 10:31 | Queue | Archer |
| 10:38 | Build | House |
| 10:44 | Queue | Villager (Male) |
| 10:47 | Queue | Archer |
| 11:19 | Research | Fletching |
| 11:19 | Research | Fletching |
| 11:20 | Queue | Archer |
| 11:20 | Queue | Archer |
| 11:22 | Build | House |
| 11:24 | Build | House |
| 11:26 | Build | Palisade Wall |
| 12:04 | Queue | Villager (Male) |
| 12:06 | Build | Mill |
| 12:10 | Queue | Archer |
| 12:11 | Queue | Archer |
| 12:11 | Queue | Archer |
| 12:14 | Queue | Archer |
| 12:25 | Build | Palisade Wall |
| 12:29 | Build | Palisade Wall |
| 12:33 | Queue | Archer |
| 12:34 | Queue | Archer |
| 12:39 | Build | Palisade Wall |
| 12:53 | Queue | Archer |
| 12:56 | Queue | Archer |
| 13:11 | Queue | Villager (Male) |
| 13:23 | Queue | Archer |
| 13:38 | Build | Farm |
| 13:42 | Build | Farm |
| 13:46 | Queue | Villager (Male) |
| 13:47 | Queue | Archer |
| 13:48 | Build | House |
| 13:52 | Queue | Archer |
| 14:16 | Queue | Villager (Male) |
| 14:16 | Queue | Archer |
| 14:27 | Build | House |
| 14:41 | Queue | Archer |
| 14:44 | Queue | Villager (Male) |
| 14:45 | Build | Farm |
| 14:54 | Queue | Archer |
| 15:06 | Build | House |
| 15:12 | Queue | Archer |
| 15:21 | Research | Padded Archer Armor |
| 15:23 | Queue | Archer |
| 15:47 | Queue | Archer |
| 15:47 | Queue | Archer |
| 16:05 | Queue | Villager (Male) |
| 16:06 | Queue | Archer |
| 16:07 | Queue | Archer |
| 16:34 | Queue | Villager (Male) |
| 16:34 | Queue | Archer |
| 16:35 | Queue | Archer |
| 17:01 | Queue | Archer |
| 17:01 | Queue | Archer |
| 17:03 | Queue | Villager (Male) |
| 17:04 | Build | Farm |
| 17:05 | Build | Farm |
| 17:07 | Build | House |
| 17:28 | Queue | Villager (Male) |
| 17:29 | Queue | Archer |
| 17:53 | Queue | Villager (Male) |
| 17:53 | Queue | Villager (Male) |
| 18:05 | Build | House |
| 18:31 | Queue | Archer |
| 18:32 | Queue | Villager (Male) |
| 18:44 | Build | House |
| 19:00 | Queue | Villager (Male) |
| 19:01 | Queue | Archer |
| 19:13 | Build | Farm |
| 19:13 | Build | Farm |
Build order — BSL | Dr.Kozmonot
128 actions detected in the replay
| 0:01 | Queue | Villager (Male) |
| 0:02 | Build | House |
| 0:03 | Build | House |
| 0:09 | Queue | Villager (Male) |
| 0:16 | Queue | Villager (Male) |
| 0:17 | Queue | Villager (Male) |
| 0:17 | Queue | Villager (Male) |
| 1:17 | Queue | Villager (Male) |
| 1:53 | Queue | Villager (Male) |
| 1:57 | Build | Lumber Camp |
| 2:15 | Queue | Villager (Male) |
| 2:31 | Queue | Villager (Male) |
| 2:55 | Queue | Villager (Male) |
| 3:26 | Queue | Villager (Male) |
| 3:29 | Build | House |
| 3:31 | Build | House |
| 3:42 | Queue | Villager (Male) |
| 3:43 | Queue | Villager (Male) |
| 4:02 | Queue | Villager (Male) |
| 4:16 | Queue | Villager (Male) |
| 4:39 | Build | Mill |
| 4:42 | Queue | Villager (Male) |
| 4:58 | Queue | Villager (Male) |
| 5:04 | Queue | Villager (Male) |
| 5:05 | Research | Loom |
| 6:42 | Build | Mining Camp |
| 7:02 | Research | Feudal Age |
| 7:44 | Build | Barracks |
| 7:54 | Queue | Villager (Male) |
| 8:24 | Age | Feudal Age |
| 8:40 | Build | Archery Range |
| 8:42 | Queue | Villager (Male) |
| 8:43 | Build | Palisade Wall |
| 8:47 | Build | Palisade Wall |
| 8:53 | Queue | Villager (Male) |
| 9:00 | Build | House |
| 9:14 | Queue | Villager (Male) |
| 9:25 | Queue | Villager (Male) |
| 9:26 | Queue | Archer |
| 9:55 | Build | Archery Range |
| 10:02 | Build | Palisade Wall |
| 10:04 | Queue | Archer |
| 10:11 | Build | Palisade Wall |
| 10:12 | Build | Palisade Wall |
| 10:14 | Queue | Villager (Male) |
| 10:24 | Queue | Archer |
| 10:25 | Queue | Villager (Male) |
| 10:49 | Queue | Archer |
| 10:55 | Queue | Villager (Male) |
| 11:00 | Build | House |
| 11:07 | Build | House |
| 11:12 | Queue | Archer |
| 11:13 | Build | House |
| 11:17 | Queue | Archer |
| 11:21 | Build | Palisade Wall |
| 11:36 | Queue | Villager (Male) |
| 11:44 | Queue | Villager (Male) |
| 11:45 | Queue | Archer |
| 11:54 | Build | House |
| 11:56 | Queue | Archer |
| 12:14 | Queue | Archer |
| 12:17 | Queue | Villager (Male) |
| 12:27 | Queue | Archer |
| 12:31 | Build | Blacksmith |
| 12:32 | Queue | Villager (Male) |
| 12:34 | Queue | Archer |
| 12:34 | Queue | Archer |
| 12:36 | Build | Palisade Wall |
| 12:39 | Queue | Archer |
| 12:39 | Queue | Archer |
| 12:49 | Queue | Archer |
| 12:49 | Queue | Archer |
| 12:53 | Queue | Villager (Male) |
| 13:02 | Queue | Archer |
| 13:07 | Queue | Villager (Male) |
| 13:19 | Research | Fletching |
| 13:19 | Research | Fletching |
| 13:32 | Build | House |
| 13:33 | Queue | Archer |
| 13:36 | Research | Padded Archer Armor |
| 13:36 | Research | Padded Archer Armor |
| 13:44 | Build | Farm |
| 13:47 | Queue | Archer |
| 13:52 | Queue | Villager (Male) |
| 14:04 | Build | Farm |
| 14:10 | Build | Farm |
| 14:19 | Queue | Archer |
| 14:24 | Build | Farm |
| 14:36 | Build | House |
| 14:45 | Build | Farm |
| 14:47 | Queue | Archer |
| 14:47 | Queue | Archer |
| 14:52 | Build | Farm |
| 15:08 | Queue | Archer |
| 15:16 | Queue | Villager (Male) |
| 15:20 | Queue | Archer |
| 15:29 | Queue | Archer |
| 15:31 | Queue | Villager (Male) |
| 15:35 | Queue | Archer |
| 15:45 | Queue | Villager (Male) |
| 15:50 | Build | Farm |
| 16:00 | Queue | Archer |
| 16:10 | Build | House |
| 16:11 | Queue | Villager (Male) |
| 16:23 | Queue | Villager (Male) |
| 16:30 | Build | Market |
| 16:31 | Queue | Archer |
| 16:38 | Queue | Villager (Male) |
| 16:42 | Queue | Villager (Male) |
| 16:48 | Build | Palisade Wall |
| 16:51 | Build | Farm |
| 16:57 | Queue | Villager (Male) |
| 17:07 | Build | Farm |
| 17:33 | Build | Farm |
| 17:42 | Queue | Villager (Male) |
| 18:37 | Research | Castle Age |
| 18:37 | Research | Castle Age |
| 18:39 | Queue | Archer |
| 18:43 | Queue | Archer |
| 18:43 | Queue | Archer |
| 19:03 | Queue | Archer |
| 19:07 | Queue | Archer |
| 19:09 | Research | Horse Collar |
| 19:12 | Research | Double-Bit Axe |
| 19:13 | Queue | Archer |
| 19:22 | Queue | Archer |
| 19:27 | Build | Farm |
| 19:30 | Queue | Archer |
Match timeline
| 6:40 | BSL | Dragonstar · wall_segment Palisade Wall x12 |
| 6:41 | BSL | Dragonstar · wall_segment Palisade Wall x3 |
| 6:46 | BSL | Dragonstar · wall_segment Palisade Wall x2 |
| 6:49 | BSL | Dragonstar · wall_segment Palisade Wall x4 |
| 6:52 | BSL | Dragonstar · wall_segment Palisade Wall x2 |
| 6:54 | BSL | Dragonstar · wall_segment Palisade Wall x11 |
| 6:55 | BSL | Dragonstar · wall_segment Palisade Wall x1 |
| 6:58 | Yukgit · first_building Barracks |
| 7:16 | BSL | Dragonstar · wall_segment Palisade Wall x6 |
| 7:19 | BSL | Dragonstar · wall_segment Palisade Wall x2 |
| 7:20 | BSL | Dragonstar · wall_segment Palisade Wall x1 |
| 7:21 | nono12 · first_building Barracks |
| 7:21 | BSL | Dragonstar · wall_segment Palisade Wall x1 |
| 7:22 | B站帝国时代2骑士老爷 · first_building Barracks |
| 7:23 | BSL | Dragonstar · wall_segment Palisade Wall x8 |
| 7:24 | C15-kyosokyoku · first_building Barracks |
| 7:28 | nono12 · wall_segment Palisade Wall x1 |
| 7:29 | Ryuutaku · first_building Barracks |
| 7:41 | OS +| NeoZz · first_building Barracks |
| 7:44 | BSL | Dr.Kozmonot · first_building Barracks |
| 7:45 | nono12 · wall_segment Palisade Wall x4 |
| 7:46 | nono12 · wall_segment Palisade Wall x3 |
| 7:54 | BSL | Dragonstar · wall_segment Palisade Wall x1 |
| 7:55 | BSL | Dragonstar · wall_segment Palisade Wall x1 |
| 7:55 | BSL | Dragonstar · wall_segment Palisade Wall x1 |
| 8:20 | B站帝国时代2骑士老爷 · wall_segment Palisade Wall x4 |
| 8:24 | BSL | Dr.Kozmonot · age_up feudal |
| 8:28 | C15-kyosokyoku · age_up feudal |
| 8:29 | nono12 · age_up feudal |
| 8:29 | B站帝国时代2骑士老爷 · age_up feudal |
| 8:31 | Ryuutaku · age_up feudal |
| 8:32 | C15-kyosokyoku · first_building Archery Range |
| 8:33 | nono12 · first_building Archery Range |
| 8:34 | B站帝国时代2骑士老爷 · first_building Stable |
| 8:40 | Ryuutaku · first_building Stable |
| 8:40 | BSL | Dr.Kozmonot · first_building Archery Range |
| 8:43 | BSL | Dr.Kozmonot · wall_segment Palisade Wall x1 |
| 8:47 | BSL | Dr.Kozmonot · wall_segment Palisade Wall x6 |
| 8:49 | Yukgit · age_up feudal |
| 8:52 | OS +| NeoZz · age_up feudal |
| 8:53 | Yukgit · first_building Archery Range |
| 8:54 | OS +| NeoZz · first_building Stable |
| 8:54 | C15-kyosokyoku · wall_segment Palisade Wall x1 |
| 9:03 | B站帝国时代2骑士老爷 · wall_segment Palisade Wall x1 |
| 9:04 | B站帝国时代2骑士老爷 · wall_segment Palisade Wall x1 |
| 9:14 | BSL | Dragonstar · wall_segment Palisade Wall x1 |
| 9:15 | BSL | Dragonstar · wall_segment Palisade Wall x1 |
| 9:19 | BSL | Dragonstar · wall_segment Palisade Wall x1 |
| 9:27 | BSL | Dragonstar · wall_segment Palisade Wall x1 |
| 9:28 | BSL | Dragonstar · wall_segment Palisade Wall x1 |
| 9:47 | BSL | Dragonstar · wall_segment Palisade Wall x1 |
| 9:48 | BSL | Dragonstar · wall_segment Palisade Wall x1 |
| 9:54 | BSL | Dragonstar · wall_segment Palisade Wall x1 |
| 9:55 | C15-kyosokyoku · wall_segment Palisade Wall x1 |
| 9:57 | C15-kyosokyoku · wall_segment Palisade Wall x1 |
| 9:57 | C15-kyosokyoku · wall_segment Palisade Wall x1 |
| 9:58 | B站帝国时代2骑士老爷 · wall_segment Palisade Wall x8 |
| 9:58 | BSL | Dragonstar · wall_segment Palisade Wall x1 |
| 10:00 | BSL | Dragonstar · wall_segment Palisade Wall x1 |
| 10:02 | BSL | Dr.Kozmonot · wall_segment Palisade Wall x5 |
| 10:03 | BSL | Dragonstar · wall_segment Palisade Wall x1 |
| 10:11 | BSL | Dr.Kozmonot · wall_segment Palisade Wall x4 |
| 10:12 | BSL | Dr.Kozmonot · wall_segment Palisade Wall x14 |
| 10:44 | BSL | Dragonstar · wall_segment Palisade Wall x1 |
| 10:57 | Yukgit · wall_segment Palisade Wall x2 |
| 11:09 | BSL | Dragonstar · wall_segment Palisade Wall x1 |
| 11:21 | BSL | Dr.Kozmonot · wall_segment Palisade Wall x7 |
| 11:26 | C15-kyosokyoku · wall_segment Palisade Wall x11 |
| 11:31 | BSL | Dragonstar · wall_segment Palisade Wall x1 |
| 11:38 | Yukgit · wall_segment Palisade Wall x2 |
| 11:45 | BSL | Dragonstar · wall_segment Palisade Wall x1 |
| 11:58 | BSL | Dragonstar · first_building Barracks |
| 12:13 | BSL | Dragonstar · age_up feudal |
| 12:22 | Yukgit · wall_segment Palisade Wall x3 |
| 12:25 | C15-kyosokyoku · wall_segment Palisade Wall x1 |
| 12:29 | C15-kyosokyoku · wall_segment Palisade Wall x1 |
| 12:35 | OS +| NeoZz · wall_segment Palisade Wall x8 |
| 12:36 | BSL | Dr.Kozmonot · wall_segment Palisade Wall x1 |
| 12:39 | BSL | Dragonstar · first_building Stable |
| 12:39 | C15-kyosokyoku · wall_segment Palisade Wall x4 |
| 12:39 | OS +| NeoZz · wall_segment Palisade Wall x3 |
| 12:41 | nono12 · wall_segment Palisade Wall x9 |
| 12:45 | OS +| NeoZz · wall_segment Palisade Wall x1 |
| 12:48 | OS +| NeoZz · wall_segment Palisade Wall x13 |
| 13:42 | OS +| NeoZz · wall_segment Palisade Wall x1 |
| 13:43 | OS +| NeoZz · wall_segment Palisade Wall x1 |
| 14:42 | OS +| NeoZz · wall_segment Palisade Wall x1 |
| 14:44 | OS +| NeoZz · wall_segment Palisade Wall x1 |
| 15:06 | B站帝国时代2骑士老爷 · wall_segment Palisade Wall x1 |
| 15:08 | Yukgit · wall_segment Palisade Wall x1 |
| 15:50 | OS +| NeoZz · wall_segment Palisade Wall x1 |
| 15:50 | OS +| NeoZz · wall_segment Palisade Wall x1 |
| 15:52 | Ryuutaku · wall_segment Palisade Wall x3 |
| 16:33 | BSL | Dragonstar · age_up castle |
| 16:48 | BSL | Dr.Kozmonot · wall_segment Palisade Wall x1 |
| 16:56 | OS +| NeoZz · wall_segment Palisade Wall x8 |
| 17:09 | B站帝国时代2骑士老爷 · wall_segment Palisade Wall x3 |
| 17:36 | BSL | Dr.Kozmonot · first_market_buy 500 food |
| 17:36 | BSL | Dr.Kozmonot · first_market_sell 500 stone |
| 18:38 | nono12 · first_market_buy 100 food |
| 18:39 | nono12 · first_market_sell 100 stone |
| 18:45 | OS +| NeoZz · age_up castle |
| 19:16 | B站帝国时代2骑士老爷 · resign |
[ AI ANALYSIS · 1 CREDIT ]
What really happened in this match?
Wolo.gg analyzes every decision: build order, eco, micro, common mistakes by bracket. Personalized analysis on WhatsApp or Discord in 30 seconds.
Civ guide
Magyars
Perfil
Jugador #20083587